 Dungeon Crawl Stone Soup version 0.26-a0-651-gb41185065b (webtiles) character file.

Game seed: 12898298549121726130

4 Lanoc the Vexing (level 1, -1/13 HPs)
             Began as a Demonspawn Enchanter on Oct 2, 2020.
             Slain by a leopard gecko (2 damage)
             ... on level 3 of the Dungeon.
             The game lasted 00:00:46 (295 turns).

Lanoc the Vexing (Demonspawn Enchanter)              Turns: 295, Time: 00:00:46

Health: -1/13      AC:  2    Str:  8    XL:     1   Next: 58%
Magic:  3/3        EV: 12    Int: 16    God:
Gold:   23         SH:  0    Dex: 13    Spells: 3/4 levels left

rFire    . . .     SeeInvis .   a - +1 dagger
rCold    . . .     Faith    .   (no shield)
rNeg     . . .     Spirit   .   b - +0 robe
rPois    .         Reflect  .   (no helmet)
rElec    .         Harm     .   (no cloak)
rCorr    .         Rampage  .   (no gloves)
MR       .....                  (no boots)
Stlth    ++........             (no amulet)
HPRegen  0.04/turn              (no ring)
MPRegen  0.08/turn              (no ring)

@: brilliant, flying
A: no striking features
a: no special abilities


You were on level 3 of the Dungeon.
You visited 1 branch of the dungeon, and saw 3 of its levels.

You collected 23 gold pieces.

Inventory:

Hand Weapons
 a - a +1 dagger (weapon)
Armour
 b - a +0 robe (worn)
Jewellery
 c - an uncursed ring of protection from cold {unknown}


   Skills:
 - Level 0.8 Short Blades
 + Level 2.0 Dodging
 + Level 2.9 Stealth
 - Level 2.0 Spellcasting
 - Level 3.0 Hexes


You had 3 spell levels left.
You knew the following spells:

 Your Spells              Type           Power        Failure   Level
a - Corona                Hex            ###....      6%          1

Your spell library contained the following spells:

 Spells                   Type           Power        Failure   Level
 Ensorcelled Hibernation  Hex/Ice        #.....       17%         2
 Confusing Touch          Hex            ###.....     19%         3
 Tukima's Dance           Hex            ###.....     19%         3
 Dazzling Flash           Conj/Hex       #.....       32%         3


Dungeon Overview and Level Annotations

Branches:
Dungeon (3/15)

Altars:


Message History

* * * LOW HITPOINT WARNING * * *
The bat misses you.
You hit the bat.
You kill the bat!
Your Dodging skill increases to level 2!
The bat hits you but does no damage.
As you read the scroll labeled COUKIS OTHROEG, it crumbles to dust.
The scroll dissolves into smoke.
It was a scroll of fog.
The bat closely misses you. The bat closely misses you.
You closely miss the leopard gecko.
The leopard gecko is moderately wounded.
The leopard gecko closely misses you.
You hit the leopard gecko.
The leopard gecko is severely wounded.
The leopard gecko misses you.
You miss the leopard gecko.
The leopard gecko is severely wounded.
The leopard gecko bites you.
You die...

######
###....#
#..§§§§#
#§§§§# #### #
#@###..g..
g..####l#...#
......§b§.#
...###..###
#<##
..$.....#
....###.. ..
.... #.##.


You could see a leopard gecko and a bat.

Vanquished Creatures
  2 bats
  A goblin (D:3)
  A frilled lizard (D:2)
4 creatures vanquished.

Notes
Turn   | Place    | Note
-------+----------+-------------------------------------------
     0 | D:1      | Lanoc the Demonspawn Enchanter began the quest for the Orb.
     0 | D:1      | Reached XP level 1. HP: 13/13 MP: 3/3
   295 | D:3      | Slain by a leopard gecko

Illustrated notes

Levels and vault maps discovered:
D:1:      saegor_arrival_simple_a, layout_loops_corners
D:2:      layout_rooms, old_standard_altar, uniq_jessica
D:3:      layout_rooms, cheibrodos_sewer_entry_bend, gammafunk_ghost_mausoleum

Skill      XL: |  1 |
---------------+----+-----
Dodging        | 2 |  2.0
Short Blades   | |  0.8
Stealth        | |  2.9
Spellcasting   | |  2.0
Hexes          | |  3.0

Action                   || total
-------------------------++-------
Melee: Dagger            ||    26
  Use: Potion            ||     2
       Scroll            ||     1
 Stab: Sleeping          ||     1
Armor: Robe              ||    11
Dodge: Dodged            ||    30

Table legend: (Time is in decaauts)
 A = Elapsed time spent in this place.
 B = Non-inter-level travel time spent in this place.
 C = Inter-level travel time spent in this place.
 D = Time resting spent in this place.
 E = Time spent auto-exploring this place.
 F = Levels seen in this place.
 G = Mean time per level.
                   A        B        C        D        E       F      G
               +--------+--------+--------+--------+--------+-----+--------+
         Total |    293 |    252 |     41 |      0 |    202 |   3 |   97.7 |
       Dungeon |    293 |    252 |     41 |      0 |    202 |   3 |   97.7 |
               +--------+--------+--------+--------+--------+-----+--------+

Top non-repeatable levels by time:
     D:2: 208 daAuts
     D:1: 56 daAuts
     D:3: 29 daAuts
